 Dungeon Crawl Stone Soup version 0.28-a0-622-gbaef9634d7 (webtiles) character file.

Game seed: 10953095272594305349

120 Virstren the Vexing (level 4, 0/31 HPs)
             Began as a Spriggan Enchanter on Oct 7, 2021.
             Succumbed to a scorpion's poison
             ... on level 3 of the Dungeon.
             The game lasted 00:05:16 (3453 turns).

Virstren the Vexing (Spriggan Enchanter)            Turns: 3453, Time: 00:05:17

Health: 0/31       AC:  3    Str:  5    XL:     4   Next: 75%
Magic:  3/11       EV: 17    Int: 16    God:
Gold:   147        SH:  0    Dex: 15    Spells: 4/12 levels left

rFire   . . .      SeeInvis +   a - +1 dagger
rCold   + . .      Faith    .   (shield restricted)
rNeg    . . .      Spirit   .   b - +0 robe
rPois   .          Reflect  .   (helmet restricted)
rElec   .          Harm     .   g - +0 cloak
rCorr   .          Rampage  .   (gloves unavailable)
Will    .....                   (boots unavailable)
Stlth   ..........              (no amulet)
HPRegen 0.10/turn               e - ring of protection from cold
MPRegen 0.12/turn               (no ring)

@: berserking, lethally poisoned (0 -> -8), studying Bows, very quick
A: very small, no large weapons, unfitting armour, see invisible, speed 3
a: no special abilities


You were on level 3 of the Dungeon.
You visited 1 branch of the dungeon, and saw 4 of its levels.

You collected 147 gold pieces.

Inventory:

Hand Weapons
 a - a +1 dagger (weapon)
Armour
 b - a +0 robe (worn)
 g - a +0 cloak (worn)
Jewellery
 e - a ring of protection from cold (left hand)
Scrolls
 d - a scroll of fog
Potions
 c - a potion of berserk rage
 f - a potion of brilliance {unknown}


   Skills:
 - Level 1.1 Short Blades
 - Level 2.6 Dodging
 - Level 4.4 Stealth
 + Level 4.7 Spellcasting
 + Level 5.3 Hexes


You had 4 spell levels left.
You knew the following spells:

 Your Spells              Type           Power      Damage    Failure   Level
a - Ensorcelled Hibernat  Hex/Ice        24%        N/A       8%          2
b - Tukima's Dance        Hex            21%        N/A       4%          3
c - Dazzling Flash        Conj/Hex       24%        N/A       16%         3

Your spell library contained the following spells:

 Spells                   Type           Power      Damage    Failure   Level
 Confusing Touch          Hex            21%        N/A       4%          3


Dungeon Overview and Level Annotations

Branches:
Dungeon (4/15)
 Temple: D:4-7

Altars:

Annotations:
D:4 Sigmund


Innate Abilities, Weirdness & Mutations

You are very small and have problems with some larger weapons.
You are too small for most types of armour.
You have supernaturally acute eyesight. (SInv)
You cover ground extremely quickly. (Speed+++)


Message History

Press: ? - help, Shift-Dir - straight line, f/p - scorpion
Aim: a scorpion (chance to affect: 43%)
The scorpion looks drowsy...
The helpless scorpion fails to defend itself.
You impale the scorpion!!
The scorpion is almost dead.
The scorpion stings you.
You barely miss the scorpion.
The scorpion is almost dead.
The scorpion stings you but does no damage.
You hit the scorpion but do no damage.
The scorpion is almost dead.
The scorpion barely misses you.
You hit the scorpion but do no damage.
The scorpion is almost dead.
The scorpion stings you.
* * * LOW HITPOINT WARNING * * *
You are lethally poisoned!
The scorpion poisons you!
Your magical contamination has completely faded away.
* * * LOW HITPOINT WARNING * * *
You feel sick.
It was a potion of berserk rage.
A red film seems to cover your vision as you go berserk!
You feel yourself moving faster!
You feel mighty!
* * * LOW HITPOINT WARNING * * *
You feel very sick. The scorpion completely misses you.
Unknown command.
You are too berserk!
Unknown command.
You barely miss the scorpion.
The scorpion is almost dead.
* * * LOW HITPOINT WARNING * * *
You feel sick. The scorpion barely misses you.
Unknown command.
You are too berserk!
You closely miss the scorpion.
The scorpion is almost dead.
You die...

##....†# ###.####.........#
##.....# #..# #....#....#
##.....#####..####...######
##.....#...........#.##
..)......####.........#
.........####.####..#.#
................##....#######
#......#...##....##.........#
##.....###.##...@sS....<....#
........##.##....##.........#
#................##.>.......#
#######..........##.........#
####.......#####.#.####
#####...##.).....##...#
####.....####............###
.....##### #....####.#....#
...### #.....# #...##.#


You could see a scorpion and a ball python.

Vanquished Creatures
  6 adders
  2 worms
  2 dart slugs
  4 endoplasms
  4 giant cockroaches (D:1)
  5 hobgoblins (D:2)
  6 jackals
  2 quokkas
  4 ball pythons (D:2)
  5 bats
  2 frilled lizards (D:1)
  5 goblins
  2 kobolds
  7 rats
56 creatures vanquished.

Notes
Turn   | Place    | Note
-------+----------+-------------------------------------------
     0 | D:1      | Virstren the Spriggan Enchanter began the quest for the
                  | Orb.
     0 | D:1      | Reached XP level 1. HP: 9/9 MP: 5/5
   400 | D:1      | Reached skill level 4 in Hexes
   404 | D:1      | Reached XP level 2. HP: 5/13 MP: 7/7
   717 | D:1      | Learned a level 2 spell: Ensorcelled Hibernation
  1473 | D:2      | Reached XP level 3. HP: 16/16 MP: 9/9
  1519 | D:2      | Learned a level 3 spell: Tukima's Dance
  1523 | D:2      | Learned a level 3 spell: Dazzling Flash
  2047 | D:2      | Reached skill level 5 in Hexes
  2047 | D:2      | Reached XP level 4. HP: 21/21 MP: 6/11
  3365 | D:4      | Noticed Sigmund
  3365 | D:4      | Noticed an ogre
  3424 | D:4      | Noticed a scorpion
  3425 | D:4      | Noticed a scorpion
  3453 | D:3      | Succumbed to a scorpion's poison

Illustrated notes

Levels and vault maps discovered:
D:1:      dpeg_arrival_prison, layout_loops_ring, minmay_tiny_reverse_x
D:2:      layout_loops_cross
D:3:      layout_rooms
D:4:      cheibrodos_barr_body, layout_basic, mainiacjoe_overflow_paths,
          minmay_temple_entry_fiery, uniq_sigmund

Skill      XL: |  1  2  3 |
---------------+----------+-----
Spellcasting   | 3 4 |  4.7
Hexes          | 4 5 |  5.3
Short Blades   | |  1.1
Dodging        | |  2.6
Stealth        | |  4.4

Action                   |  1- 3 |  4- 6 || total
-------------------------+-------+-------++-------
Melee: Dagger            |   146 |    73 ||   219
 Cast: Ensorcelled Hiber |     9 |    20 ||    29
  Use: Potion            |     1 |     1 ||     2
       Scroll            |       |     1 ||     1
 Stab: Sleeping          |    18 |    12 ||    30
       Invisible         |     1 |       ||     1
       Distracted        |     1 |     1 ||     2
Armor: Robe              |    18 |     6 ||    24
Dodge: Dodged            |   111 |    68 ||   179

Table legend: (Time is in decaauts)
 A = Elapsed time spent in this place.
 B = Non-inter-level travel time spent in this place.
 C = Inter-level travel time spent in this place.
 D = Time resting spent in this place.
 E = Time spent auto-exploring this place.
 F = Levels seen in this place.
 G = Mean time per level.
                   A        B        C        D        E       F      G
               +--------+--------+--------+--------+--------+-----+--------+
         Total |   2772 |   2693 |     79 |    266 |   1940 |   4 |  693.0 |
       Dungeon |   2772 |   2693 |     79 |    266 |   1940 |   4 |  693.0 |
               +--------+--------+--------+--------+--------+-----+--------+

Top non-repeatable levels by time:
     D:1: 1215 daAuts
     D:2: 980 daAuts
     D:3: 561 daAuts
     D:4: 16 daAuts
